 Dungeon Crawl Stone Soup version 0.24.1-14-gf8d2b509d9 (webtiles) character file.

Game seed: 3805851890802036347, levelgen mode: deterministic

46 Mrkan the Ruffian (level 3, 0/36 HPs)
             Began as a Troll Berserker on May 17, 2020.
             Was a Believer of Trog.
             Slain by an adder (2 damage)
             ... on level 2 of the Dungeon.
             The game lasted 00:01:44 (929 turns).

Mrkan the Ruffian (Troll Berserker)                  Turns: 929, Time: 00:01:44

Health: 0/36       AC:  6    Str: 26    XL:     3   Next: 44%
Magic:  2/2        EV: 10    Int:  3    God:    Trog [**....]
Gold:   38         SH:  0    Dex:  9    Spells: 2/2 levels left

rFire    . . .     SeeInvis .     - Unarmed
rCold    . . .     Gourm    +   (no shield)
rNeg     . . .     Faith    .   a - +0 animal skin
rPois    .         Spirit   .   (helmet restricted)
rElec    .         Reflect  .   (no cloak)
rCorr    .         Harm     .   (gloves unavailable)
MR       .....                  (boots unavailable)
Stlth    +.........             (no amulet)
HPRegen  0.52/turn              (no ring)
MPRegen  0.08/turn              (no ring)

@: lethally poisoned (0 -> 0), lightly drained
A: large, unfitting armour, claws 3, fast metabolism 3, gourmand, regeneration
1, shaggy fur 1, tough skin 3
a: Berserk, Trog's Hand, Renounce Religion


You were on level 2 of the Dungeon.
You worshipped Trog.
Trog was pleased with you.
You were hungry.

You visited 1 branch of the dungeon, and saw 2 of its levels.

You collected 38 gold pieces.

Inventory:

Armour
 a - a +0 animal skin (worn)
Jewellery
 f - a cursed ring of attention {unknown}
 g - an uncursed amulet of faith {unknown}
Scrolls
 c - a scroll of identify {unknown}
 h - a scroll of teleportation {unknown}
Potions
 d - a potion of haste {unknown}
 e - a potion of flight {unknown}
 i - a potion of lignification {unknown}
Comestibles
 b - 6 rations


   Skills:
 + Level 2.7(2.5) Fighting
 + Level 3.0(2.8) Dodging
 + Level 3.6(3.4) Unarmed Combat


You had 2 spell levels left.
You didn't know any spells.
Your spell library was empty.

Dungeon Overview and Level Annotations

Branches:
Dungeon (2/15)

Altars:


Innate Abilities, Weirdness & Mutations

You are too large for most types of armour.
You have claws for hands.
Your metabolism is lightning-fast.
You like to eat raw meat.
Your natural rate of healing is unusually fast.
You are covered in fur. (AC +1)
You have extremely tough skin. (AC +3)


Message History

You feel sick. The adder barely misses you.
The adder bites you but does no damage. The adder bites you.
You feel sick. The adder bites you but does no damage. The adder misses you. x2
You feel sick. The adder bites you.
You are more poisoned.
The adder poisons you!
You feel sick. The adder bites you but does no damage.
You feel sick. The adder bites you but does no damage.
The adder closely misses you.
You feel sick. The adder bites you but does no damage.
You feel sick. The adder bites you.
* * * LOW HITPOINT WARNING * * *
The adder bites you.
* * * LOW HITPOINT WARNING * * *
You feel sick. The adder closely misses you.
The adder bites you but does no damage.
You feel sick. The adder bites you.
You die...

##.# #.[. #..#
#..# #..# #..#
#..# #.@# #S.#
#..## #...#
#.#.#
#.#.#########
#...........#
###.#######.#
#.#######รท####


You could see an adder.

Vanquished Creatures
  4 dart slugs (D:1)
  2 leopard geckos (D:1)
  3 bats (D:1)
  3 giant cockroaches (D:1)
  5 goblins (D:1)
  3 hobgoblins (D:1)
  3 jackals (D:1)
  2 kobolds (D:1)
  3 frilled lizards
  5 rats (D:1)
33 creatures vanquished.

Notes
Turn   | Place    | Note
-------+----------+-------------------------------------------
     0 | D:1      | Mrkan the Troll Berserker began the quest for the Orb.
     0 | D:1      | Reached XP level 1. HP: 22/22 MP: 0/0
    72 | D:1      | Reached XP level 2. HP: 29/29 MP: 1/1
   371 | D:1      | Reached XP level 3. HP: 36/36 MP: 2/2
   730 | D:1      | Reached ** piety under Trog
   929 | D:2      | Slain by an adder

Levels and vault maps discovered:
D:1:      minmay_arrival_shattered_statue, layout_loops_ring,
          minmay_pentomino_z4
D:2:      minmay_chambers_of_twos, layout_loops_ring, minmay_misc_feat_x,
          cheibriados_altar_1

Skill      XL: |  1  2  3 |
---------------+----------+-----
Dodging        | 3 |  3.0
Fighting       | |  2.7
Unarmed Combat | |  3.6

Action                   || total
-------------------------++-------
Melee: Unarmed           ||    95
 Stab: Sleeping          ||     1
  Eat: Chunk             ||     5
Armor: Animal skin       ||   117
Dodge: Dodged            ||   116
